 Dungeon Sprint DCSS version 0.30.1-11-g7821555f0a (webtiles) character file.

Game seed: 15293198515909869636

54 rocky1 the Eye of the Storm (level 7, -1/60 HPs)
             Began as a Demonspawn Fighter on Nov 28, 2023.
             Was a Priest of Qazlal.
             Slain by a fire elemental (11 damage)
             ... in the Dungeon (Sprint VI: "Thunderdome").
             The game lasted 00:02:56 (467 turns).

rocky1 the Eye of the Storm (Demonspawn Fighter)     Turns: 467, Time: 00:02:57

Health: -1/60      AC:  8    Str: 16    XL:     7   Next: 21%
Magic:  0/13       EV:  9    Int: 11    God:    Qazlal [***...]
Gold:   280        SH:  9    Dex: 13    Spells: 6/6 levels left

rFire   . . .        a - +0 flail
rCold   . . .        c - +0 buckler
rNeg    . . .        b - +0 scale mail
rPois   .            (no helmet)
rElec   .            (no cloak)
rCorr   .            (no gloves)
SInv    .            (no boots)
Will    .....        (no amulet) Stlth
                     (no ring)
HPRegen 0.30/turn    (no ring)
MPRegen 0.26/turn

%: no teleportation, guardian spirit
@: no status effects
A: hooves 1, magic shield, magic regeneration, weakness stinger 1
a: Renounce Religion, Upheaval, Elemental Force


You were in the Dungeon.
You worshipped Qazlal.
Qazlal was most pleased with you.
You visited 1 branch You collected 280 gold pieces.

Inventory:

Hand Weapons
 a - a +0 flail (weapon)
 e - a +0 club
Missiles
 o - 15 poisoned darts
Armour
 b - a +0 scale mail (worn)
 c - a +0 buckler (worn)
Wands
 l - a wand of quicksilver (2) (quivered)
 m - a wand of roots (7)
Scrolls
 j - 4 scrolls of blinking
 n - 3 scrolls of fog
Potions
 d - a potion of might
 f - 2 potions of heal wounds
 g - 4 potions of haste
 h - 2 potions of magic
 i - a potion of berserk rage
 k - a potion of resistance


   Skills:
 + Level 7.4 Fighting
 + Level 6.1 Maces & Flails
 + Level 7.4 Armour
 + Level 0.6 Dodging
 + Level 6.9 Shields
 * Level 8.9 Invocations
 - Level 1.6 Evocations


You had 6 spell levels left.
You didn't know any spells.
Your spell library was empty.

Dungeon Overview and Level Annotations

Branches:
Dungeon (1/1)

Altars:
Cheibriados
Dithmenos
Fedhas
Gozag
Kikubaaqudgha
Makhleb
Okawaru
Qazlal
Ru
Sif Muna
Trog
Uskayaw
Vehumet
Wu Jian
Xom
Yredelemnul
Lugonu

Shops:
D *[??*?*:[((!!!!


Innate Abilities, Weirdness & Mutations

You have large cloven feet.
When hurt, damage is shared between your health and your magic reserves.
You regenerate magic rapidly.
You have a small tail.


Message History

Things that are here:
a +0 scale mail; a +0 war axe; an orc skeleton The fire elemental hits you.
The fire elemental burns you! The fire elemental hits you.
The fire elemental burns you!
You are too injured to fight recklessly!
You are too injured to fight recklessly!
You closely miss the fire elemental. You kick the fire elemental.
Your tail-slap misses the fire elemental.
The fire elemental is lightly damaged.
The fire elemental closely misses you.
You barely miss the fire elemental. Your kick misses the fire elemental.
The fire elemental is lightly damaged.
You block the fire elemental's attack. x2
You completely miss the fire elemental. Your kick misses the fire elemental.
The fire elemental is lightly damaged.
The fire elemental barely misses you.
You closely miss the fire elemental. Your kick misses the fire elemental.
You tail-slap the fire elemental, but do no damage.
The fire elemental is lightly damaged.
The fire elemental closely misses you. The fire elemental barely misses you.
You closely miss the fire elemental.
You kick the fire elemental, but do no damage.
The fire elemental is lightly damaged.
The fire elemental closely misses you.
You hit the fire elemental but do no damage.
Your kick misses the fire elemental.
The fire elemental is lightly damaged.
The fire elemental hits you. The fire elemental burns you!
You sock the fire elemental!
The fire elemental is moderately damaged.
You block the fire elemental's attack. The fire elemental hits you.
The fire elemental burns you!
* * * LOW HITPOINT WARNING * * *
You hit the fire elemental.
You tail-slap the fire elemental, but do no damage.
The fire elemental is heavily damaged.
The fire elemental hits you. The fire elemental burns you!
* * * LOW HITPOINT WARNING * * *
The fire elemental hits you. The fire elemental burns you!
You die...

##._._......###.....).__∩#
###∩....[...8.# #.8........∩
#........[....###...........
⌠..........###...###........
⌠..........# #.<.# #........
⌠.........(###...###..).....
#.............###...........
###∩......E.8.# #.8........∩
##∩__....@..###......_._∩#
######.8.○.......8.######
#⌠...[††.[...⌠#
###.........### #_..)...._#
#_......._# #_......._#
#∩.......∩# ##∩.....∩##


You could see a fire elemental.

Vanquished Creatures
  A fire elemental (D)
  A fire bat (D)
  3 kobold brigands (D)
  Blork the orc (D)
  An orc priest (D)
  An orc wizard (D)
  Ijyb (D)
  2 orcs (D)
  A hobgoblin (D)
  A kobold (D)
13 creatures vanquished.

Notes
Turn   | Place    | Note
-------+----------+-------------------------------------------
     0 | D        | rocky1 the Demonspawn Fighter began the quest for the Orb.
     0 | D        | Reached XP level 1. HP: 18/18 MP: 1/1
     4 | D        | Found a radiant altar of Vehumet.
     4 | D        | Found a shimmering blue altar of Sif Muna.
     5 | D        | Found an opulent altar of Gozag.
     5 | D        | Round 1.
     6 | D        | Found a sacrificial altar of Ru.
     7 | D        | Found Iroufuti's Do-It-Yourself Clinic.
     7 | D        | Found a blossoming altar of Fedhas.
     7 | D        | Found Wases's Distillery.
     8 | D        | Found Ihiwac's Bottled Wisdom.
     8 | D        | Found Zynay's Distillery.
    10 | D        | Found a basalt altar of Yredelemnul.
    11 | D        | Found Qijeugro's Weapon Rack.
    12 | D        | Found a stormy altar of Qazlal.
    12 | D        | Found a snail-covered altar of Cheibriados.
    12 | D        | Found a hide-covered altar of Uskayaw.
    12 | D        | Found Zepel's Premium Goods.
    12 | D        | Found Opnuet's Basic Armour.
    12 | D        | Found Gighizi's Miscellaneous Merchandise.
    17 | D        | Found a burning altar of Makhleb.
    21 | D        | Became a worshipper of Qazlal Stormbringer
    52 | D        | Noticed Blork the orc
    54 | D        | Killed Blork the orc
    55 | D        | Reached skill level 4 in Invocations
    55 | D        | Gained mutation: You regenerate magic rapidly. [demonic
                  | ancestry]
    55 | D        | Reached XP level 2. HP: 26/26 MP: 1/5
    55 | D        | Gained mutation: When hurt, damage is shared between your
                  | health and your magic reserves. [demonic ancestry]
    55 | D        | Reached XP level 3. HP: 31/31 MP: 1/6
    58 | D        | Found a corrupted altar of Lugonu.
    58 | D        | Found a shadowy altar of Dithmenos.
    62 | D        | Found Ruehumoh's Staff Store.
    62 | D        | Found Uqeumap's Must-Have Magic.
    64 | D        | Found Tegydon's Magic Scroll Shop.
    65 | D        | Found an iron altar of Okawaru.
    65 | D        | Found a shimmering altar of Xom.
    65 | D        | Found an ancient bone altar of Kikubaaqudgha.
    65 | D        | Found Otragua's Magic Scroll Shop.
    69 | D        | Found an ornate altar of the Wu Jian Council.
    74 | D        | Found Celud's Jewellery.
    74 | D        | Found Nuapn's Advanced Armour.
    75 | D        | Found a bloodstained altar of Trog.
    75 | D        | Found Regaomy's Identification Station.
    83 | D        | Reached skill level 5 in Fighting
    83 | D        | Discovered your monstrous ancestry.
    83 | D        | Gained mutation: You have large cloven feet. [demonic
                  | ancestry]
    83 | D        | Reached XP level 4. HP: 34/39 MP: 7/7
    83 | D        | Reached * piety under Qazlal
   114 | D        | Reached skill level 5 in Armour
   114 | D        | Reached skill level 5 in Invocations
   143 | D        | Arena points: 12 (+12) [x2]
   199 | D        | Round 2.
   213 | D        | Reached ** piety under Qazlal
   297 | D        | Noticed a kobold brigand
   308 | D        | Killed a kobold brigand
   309 | D        | Reached skill level 5 in Shields
   309 | D        | Reached skill level 6 in Invocations
   309 | D        | Reached skill level 1 in Evocations
   309 | D        | Reached XP level 5. HP: 33/46 MP: 6/9
   331 | D        | Noticed Ijyb
   333 | D        | Reached skill level 7 in Invocations
   350 | D        | Killed Ijyb
   350 | D        | Reached *** piety under Qazlal
   351 | D        | Gained mutation: You have a small tail. [demonic ancestry]
   351 | D        | Reached XP level 6. HP: 7/53 MP: 1/11
   362 | D        | Arena points: 54 (+42) [x3]
   363 | D        | Reached skill level 5 in Maces & Flails
   393 | D        | Round 3.
   405 | D        | Noticed a fire elemental
   412 | D        | Noticed a fire bat
   413 | D        | Killed a fire elemental
   414 | D        | Reached skill level 8 in Invocations
   414 | D        | Killed a fire bat
   415 | D        | Reached XP level 7. HP: 29/60 MP: 6/13
   455 | D        | Noticed a fire elemental
   467 | D        | Slain by a fire elemental

Illustrated notes

Levels and vault maps discovered:
D:        arena_sprint

Skill      XL: |  1  2  3  4  5  6 |
---------------+-------------------+-----
Fighting       | 4 5 6 7 |  7.4
Maces & Flails | 2 3 4 6 |  6.1
Armour         | 4 5 6 7 |  7.4
Shields        | 4 5 6 |  6.9
Invocations    | 4 6 7 8 |  8.9
Evocations     | 1 |  1.6
Dodging        | |  0.6

Action                     |  1- 3 |  4- 6 |  7- 9 || total
---------------------------+-------+-------+-------++-------
  Melee: Flail             |     7 |    49 |     8 ||    64
         Kick              |       |    17 |     2 ||    19
         Tailslap          |       |     1 |     2 ||     3
 Invoke: Upheaval          |       |     2 |       ||     2
  Evoke: Wand              |     2 |     1 |       ||     3
    Use: Potion            |       |     4 |       ||     4
 Armour: Scale mail        |     7 |     7 |     6 ||    20
  Dodge: Dodged            |     3 |    12 |     5 ||    20
  Block: Buckler           |     3 |    18 |     3 ||    24
